 Dungeon Crawl Stone Soup version 0.17.1-1-g73c8601 (webtiles) character file.

30 Opium the Shooter (level 3, 21/29 HPs)
             Began as a Centaur Hunter on Dec 30, 2015.
             Quit the game on level 2 of the Dungeon on Jan 2, 2016.
             The game lasted 00:09:13 (1037 turns).

Opium the Shooter (Centaur Hunter)                  Turns: 1037, Time: 00:09:13

Health: 21/29      AC:  6    Str: 14    XL:     3   Next: 5%
Magic:  3/3        EV:  9    Int: 10    God:
Gold:   34         SH:  0    Dex: 10    Spells: 0 memorised, 2 levels left

rFire  . . .     SeeInvis .     b - +0 short sword
rCold  . . .     Clarity  .     c - +0 leather armour
rNeg   . . .     SustAt   .     (no shield)
rPois  .         Gourm    .     i - +0 helmet
rElec  .         Spirit   .     f - +0 cloak
rCorr  .         Warding  .     (no gloves)
rMut   .         Stasis   .     (no barding)
MR     .....                    (no amulet)
Stlth  +.........               (no ring)
                                (no ring)

@: mildly poisoned (21 -> 18), very quick, not resistant to hostile
enchantments, very unstealthy
A: hooves 3, deformed body, speed 2, tough skin 3
a: no special abilities


You were on level 2 of the Dungeon.
You were not hungry.

You visited 1 branch of the dungeon, and saw 2 of its levels.

You collected 34 gold pieces.

Inventory:

Hand Weapons
 a - a +1 shortbow
 b - a +0 short sword (weapon)
Missiles
 d - 42 arrows
Armour
 c - a +0 leather armour (worn)
 f - a +0 cloak (worn)
 i - a +0 helmet (worn)
Jewellery
 n - an uncursed ring of see invisible {unknown}
Scrolls
 k - 2 scrolls of remove curse {unknown}
 l - a scroll of identify {unknown}
 u - a scroll of recharging {unknown}
Potions
 g - a potion of invisibility {unknown}
 h - a potion of degeneration {unknown}
 j - 2 potions of cancellation {unknown}
 m - a potion of resistance {unknown}
 o - a potion of haste {unknown}
 p - a potion of flight {unknown}
 q - 2 potions of heal wounds {unknown}
 t - a potion of curing {unknown}
Comestibles
 e - 2 bread rations
 r - a beef jerky
 s - a meat ration


   Skills:
 * Level 2.1 Fighting
 * Level 6.3 Bows
 * Level 0.1 Armour
 * Level 1.5 Dodging
 + Level 0.5 Stealth


You had 2 spell levels left.
You didn't know any spells.

Dungeon Overview and Level Annotations

Branches:
Dungeon (2/15)

Altars:


Innate Abilities, Weirdness & Mutations

You have hooves in place of feet.
Armour fits poorly on your strangely shaped body.
You cover ground very quickly.
You have extremely tough skin (AC +3).


Message History

The adder bites you but does no damage.
You miss the adder.
The adder is heavily wounded.
The adder bites you but does no damage. x2
You hit the adder.
The adder is almost dead.
The adder bites you.
You are poisoned.
The adder poisons you!
You hit the adder.
You kill the adder!
You have reached level 3!
Your experience leads to an increase in your attributes!
Increase (S)trength, (I)ntelligence, or (D)exterity?
You feel agile.
You feel sick.
You feel sick.
You feel sick.
You feel sick.
Are you sure you want to abandon this character and quit the game? (Confirm with "yes".)

###########
#.........# #@#
##.#### #.#
#.....# #.#
#.....##### #.#
#..........
#.######.....#####
#.#..........#
#.#.###.#..#######
#>.........##.....
#.....###.###.####


There were no monsters in sight!

Vanquished Creatures
  An adder (D:2)
  A giant gecko (D:1)
  2 bats (D:1)
  3 goblins (D:1)
  3 hobgoblins (D:1)
  A quokka (D:2)
  2 giant newts (D:2)
  5 kobolds
  3 rats (D:1)
21 creatures vanquished.

Notes
Turn   | Place    | Note
--------------------------------------------------------------
     0 | D:1      | Opium the Centaur Hunter began the quest for the Orb.
     0 | D:1      | Reached XP level 1. HP: 17/17 MP: 1/1
     1 | D:1      | Noticed a draconian zombie
     3 | D:1      | Noticed an elf zombie
     6 | D:1      | Noticed a minotaur zombie
    10 | D:1      | Noticed an elf zombie
    10 | D:1      | Noticed a spriggan zombie
    12 | D:1      | Noticed an octopode zombie
    12 | D:1      | Noticed a minotaur zombie
    14 | D:1      | Noticed a merfolk zombie
    14 | D:1      | Noticed a human zombie
    16 | D:1      | Noticed a spriggan zombie
    16 | D:1      | Noticed a troll zombie
   382 | D:1      | Reached XP level 2. HP: 24/24 MP: 2/2
   569 | D:1      | Reached skill level 6 in Bows
  1028 | D:2      | Reached XP level 3. HP: 25/29 MP: 3/3
  1037 | D:2      | Quit the game

Action                   || total
-------------------------++-------
Melee: Short sword       ||    20
 Fire: Shortbow          ||    38
